 Dungeon Crawl Stone Soup version 0.21.1-1-g345015f (webtiles) character file.

2298 diana the Carver (level 9, -8/60 (61) HPs)
             Began as a Demonspawn Gladiator on May 30, 2018.
             Was an Initiate of Ashenzari.
             Shot with an arrow by a centaur (9 damage)
             ... on level 8 of the Dungeon.
             The game lasted 00:17:57 (8230 turns).

diana the Carver (Demonspawn Gladiator)             Turns: 8230, Time: 00:17:57

HP:   -8/60 (61)    AC:  3    Str: 17    XL:     9   Next: 17%
MP:   9/9           EV: 15    Int:  9    God:    Ashenzari [......]
Gold: 279           SH:  0    Dex: 16    Spells: 8/8 levels left

rFire    + . .     SeeInvis .   a - +0 long sword
rCold    x . .     Gourm    +   (no shield)
rNeg     . . .     Faith    .   b - +0 leather armour
rPois    .         Spirit   .   (helmet restricted)
rElec    .         Reflect  .   (no cloak)
rCorr    +         Harm     .   (no gloves)
MR       .....                  (no boots)
Stlth    +.........             q - amulet of the gourmand
HPRegen  0.20/turn              e - ring of fire
MPRegen  0.11/turn              A - ring of resist corrosion

@: no status effects
A: antennae 2, repulsion field 1, demonic guardian 2, spiny 1
a: Curse Item, Renounce Religion


You were on level 8 of the Dungeon.
You worshipped Ashenzari.
Ashenzari was noncommittal.
You were not hungry.

You visited 2 branches of the dungeon, and saw 9 of its levels.

You collected 279 gold pieces.

Inventory:

Hand Weapons
 a - a +0 long sword (weapon)
Missiles
 d - 7 throwing nets (quivered)
Armour
 b - a +0 leather armour (worn)
 p - a +1 robe of magic resistance
Jewellery
 e - a ring of fire (left hand)
 j - an uncursed amulet of harm
 m - an uncursed ring of loudness
 q - an amulet of the gourmand (around neck)
 A - a ring of resist corrosion (right hand)
 I - an uncursed ring of protection from fire
Wands
 v - a wand of enslavement (21)
 C - a wand of random effects (42)
 E - a wand of scattershot (6)
Scrolls
 c - 2 scrolls of identify
 g - 2 scrolls of amnesia {unknown}
 h - 2 scrolls of teleportation
 k - 4 scrolls of magic mapping
 n - 6 scrolls of enchant weapon
 o - 2 scrolls of fog {unknown}
 t - 3 scrolls of remove curse
 x - 2 scrolls of noise {unknown}
 y - a scroll of immolation {unknown}
 D - a scroll of summoning {unknown}
 G - a scroll of acquirement {unknown}
 H - a scroll of holy word {unknown}
Potions
 i - 2 potions of magic {unknown}
 l - a potion of degeneration {unknown}
 r - 5 potions of curing
 s - a potion of agility {unknown}
 u - a potion of brilliance {unknown}
 w - a potion of cancellation {unknown}
 z - a potion of heal wounds {unknown}
 B - 4 potions of lignification {unknown}
 F - a potion of might
Comestibles
 f - 13 rations


   Skills:
 - Level 2.0 Fighting
 + Level 11.4 Long Blades
 - Level 1.7 Throwing
 - Level 2.7 Dodging


You had 8 spell levels left.
You didn't know any spells.

Dungeon Overview and Level Annotations

Branches:
Dungeon (8/15)             Temple (1/1) D:6
   Lair: D:8-11

Altars:
Ashenzari
Cheibriados
Dithmenos
Elyvilon
Fedhas
Gozag
Hepliaklqana
Kikubaaqudgha
Makhleb
Nemelex Xobeh
Okawaru
Qazlal
Ru
Sif Muna
Trog
Uskayaw
Vehumet
Wu Jian
Xom
Yredelemnul
Zin
The Shining One

Shops:
D:4 *


Innate Abilities, Weirdness & Mutations

You have a pair of antennae on your head.
You are surrounded by a mild repulsion field. (EV +2)
A demonic guardian rushes to your aid.
You are partially covered in sharp spines.


Message History

The kobold closely misses you. The big kobold closely misses you.
You closely miss the big kobold.
The big kobold is severely wounded.
The centaur shoots an arrow.
The arrow hits you.
The big kobold is struck by your spines.
The big kobold closely misses you. The kobold closely misses you.
You hit the big kobold.
The big kobold is almost dead.
The centaur shoots an arrow.
The arrow hits you! The kobold misses you.
You riposte.
You closely miss the kobold. The big kobold hits you.
* * * LOW HITPOINT WARNING * * *
The centaur shoots an arrow.
The arrow barely misses you.
The kobold throws a stone.
The stone barely misses you.
The centaur shoots an arrow.
The arrow hits you!
* * * LOW HITPOINT WARNING * * *
There is a stone staircase leading up, spattered with blood here.
Things that are here:
an arrow; a stone The centaur shoots an arrow.
The arrow hits you!
You die...

############
#...........
#...........
#..<........
#.K.(.......
#..(K.c.....
#.)(@##....
###+## . {


You could see a big kobold, a centaur and a kobold.

Vanquished Creatures
  A black bear (D:7)
  An ice beast (D:7)
  An ogre (D:7)
  2 centaurs
  A bullfrog (D:7)
  A scorpion (D:5)
  A crimson imp (D:7)
  2 bullfrog zombies
  A jelly (D:7)
  2 centaur skeletons
  An orc priest (D:4)
  4 hounds
  5 orc wizards
  Terence (D:2)
  Jessica (D:3)
  Ijyb (D:3)
  A worker ant (D:5)
  A howler monkey skeleton (D:3)
  10 gnolls
  12 adders
  An ooze (D:2)
  2 adder zombies
  4 worms
  A dart slug (D:4)
  7 leopard geckos
  16 orcs
  A ball python (D:3)
  5 giant cockroaches
  6 goblins
  6 hobgoblins
  6 jackals (D:3)
  10 kobolds
  3 quokkas
  10 bats
  2 jackal skeletons
  7 rats
137 creatures vanquished.

Vanquished Creatures (collateral kills)
  Pikel (D:5)
  The ghost of kae the Insei, a novice OpTm of Okawaru (D:6)
  Sigmund (D:2)
  Duvessa (D:5)
  A necrophage (D:3)
  An ogre (D:5)
  Dowan (D:5)
  A howler monkey (D:4)
  2 orc wizards (D:4)
  An orc priest (D:4)
  Natasha (D:2)
  A worker ant (D:4)
  An adder (D:4)
  4 orcs (D:4)
  A frilled lizard (D:4)
  A quokka skeleton (D:6)
20 creatures vanquished.

Vanquished Creatures (others)
  2 slaves (D:5)
  Blork the orc (D:5)
  2 scorpions (D:5)
  A hobgoblin (D:3)
  A bat (D:5)
  6 fungi (D:5)
13 creatures vanquished.

Grand Total: 170 creatures vanquished

Notes
Turn   | Place    | Note
-------+----------+-------------------------------------------
     0 | D:1      | diana the Demonspawn Gladiator began the quest for the Orb.
     0 | D:1      | Reached XP level 1. HP: 16/16 MP: 1/1
   515 | D:1      | Reached skill level 3 in Long Blades
   780 | D:1      | Gained mutation: You have a pair of small antennae on your head. [demonic ancestry]
   780 | D:1      | Reached XP level 2. HP: 21/22 MP: 2/2
  1253 | D:2      | Gained mutation: A weak demonic guardian rushes to your aid. [demonic ancestry]
  1253 | D:2      | Reached XP level 3. HP: 24/27 MP: 3/3
  1387 | D:2      | Reached skill level 4 in Long Blades
  1487 | D:2      | Noticed Terence
  1512 | D:2      | Killed Terence
  1748 | D:2      | Noticed Natasha
  1754 | D:2      | Killed Natasha
  1754 | D:2      | Gained mutation: A demonic guardian rushes to your aid. [demonic ancestry]
  1754 | D:2      | Reached XP level 4. HP: 19/33 MP: 4/4
  2004 | D:2      | Noticed Sigmund
  2249 | D:2      | Killed Sigmund
  2249 | D:2      | Reached skill level 5 in Long Blades
  2249 | D:2      | Reached XP level 5. HP: 33/38 MP: 5/5
  2766 | D:3      | Reached skill level 6 in Long Blades
  3085 | D:3      | Noticed a necrophage
  3091 | D:3      | Killed a necrophage
  3091 | D:3      | Gained mutation: You are partially covered in sharp spines. [demonic ancestry]
  3091 | D:3      | Reached XP level 6. HP: 37/43 MP: 6/6
  3161 | D:3      | Noticed Jessica
  3163 | D:3      | Killed Jessica
  3189 | D:3      | Noticed Ijyb
  3218 | D:3      | Killed Ijyb
  3988 | D:4      | Found Cecw's Assorted Antiques.
  4017 | D:4      | Reached skill level 7 in Long Blades
  4119 | D:4      | Reached XP level 7. HP: 31/49 MP: 7/7
  4679 | D:4      | Found a bloodstained altar of Trog.
  4839 | D:5      | Entered Level 5 of the Dungeon
  4865 | D:5      | Reached skill level 8 in Long Blades
  5192 | D:5      | Noticed Pikel
  5201 | D:5      | Killed Pikel
  5201 | D:5      | Reached skill level 9 in Long Blades
  5201 | D:5      | Gained mutation: You are surrounded by a mild repulsion field. (EV +2) [demonic ancestry]
  5201 | D:5      | Reached XP level 8. HP: 47/55 MP: 8/8
  5204 | D:5      | Noticed Blork the orc
  5218 | D:5      | Killed Blork the orc
  5304 | D:5      | Noticed Duvessa
  5322 | D:5      | Noticed Dowan
  5324 | D:5      | Killed Duvessa
  5335 | D:5      | Killed Dowan
  6160 | D:6      | Noticed kae's ghost (novice OpTm)
  6161 | D:6      | Reached skill level 10 in Long Blades
  6177 | D:6      | Killed kae's ghost
  6704 | D:6      | Found a staircase to the Ecumenical Temple.
  6835 | Temple   | Entered the Ecumenical Temple
  7075 | Temple   | Became a worshipper of Ashenzari the Shackled
  7394 | D:7      | Reached skill level 11 in Long Blades
  7412 | D:7      | Gained mutation: You have a pair of antennae on your head. [demonic ancestry]
  7412 | D:7      | Reached XP level 9. HP: 43/60 MP: 9/9
  8008 | D:7      | Found a bloodstained altar of Trog.
  8229 | D:8      | HP: 1/60 [centaur/arrow (17)]
  8230 | D:8      | Shot with an arrow by a centaur

Skill      XL: |  1  2  3  4  5  6  7  8 |
---------------+-------------------------+-----
Long Blades    | 3 4 5 6 7 9 11 | 11.4
Fighting       | |  2.0
Throwing       | |  1.7
Dodging        | |  2.7

Action                   |  1- 3 |  4- 6 |  7- 9 || total
-------------------------+-------+-------+-------++-------
Melee: Long sword        |   101 |   136 |   203 ||   440
Throw: Throwing net      |       |       |     1 ||     1
  Use: Potion            |       |     1 |       ||     1
       Scroll            |       |       |     5 ||     5
 Stab: Distracted        |     1 |       |     1 ||     2
       Sleeping          |       |       |     1 ||     1
  Eat: Chunk             |     2 |     1 |    12 ||    15
       Ration            |       |     2 |     1 ||     3
Armor: Leather armour    |    40 |    18 |    19 ||    77
Dodge: Dodged            |    66 |   105 |   130 ||   301
       Rpst.: Long sword |    17 |    24 |    36 ||    77
